 Dungeon Crawl Stone Soup version 0.26-a0-648-g87339cc (webtiles) character file.

Game seed: 4865248428861688287

284 Balder the Skirmisher (level 6, -1/53 HPs)
             Began as a Minotaur Fighter on Sept 25, 2020.
             Killed by nerve-wracking pain
             ... invoked by Grinder
              (14 damage)
             ... on level 3 of the Dungeon.
             The game lasted 00:07:48 (2046 turns).

Balder the Skirmisher (Minotaur Fighter)            Turns: 2046, Time: 00:07:48

Health: -1/53      AC: 13    Str: 21    XL:     6   Next: 7%
Magic:  5/5        EV:  4    Int:  5    God:
Gold:   105        SH:  9    Dex: 11    Spells: 5/5 levels left

rFire    . . .     SeeInvis .   b - +0 dagger (venom)
rCold    . . .     Faith    .   c - +0 kite shield
rNeg     . . .     Spirit   .   d - +0 plate armour
rPois    .         Reflect  .   (helmet restricted)
rElec    .         Harm     .   (no cloak)
rCorr    .         Rampage  .   (no gloves)
MR       .....                  l - +0 pair of boots
Stlth    ..........             (no amulet)
HPRegen  0.17/turn              (no ring)
MPRegen  0.09/turn              (no ring)

@: no status effects
A: retaliatory headbutt, horns 2
a: no special abilities


You were on level 3 of the Dungeon.
You visited 1 branch of the dungeon, and saw 3 of its levels.

You collected 105 gold pieces.

Inventory:

Hand Weapons
 a - a +2 falchion of freezing
 b - a +0 dagger of venom (weapon)
 f - a +0 short sword of draining
 h - a +0 vorpal mace
 r - a +0 long sword
Missiles
 g - 51 bolts
 m - 5 boomerangs (quivered)
Armour
 c - a +0 kite shield (worn)
 d - a +0 plate armour (worn)
 l - a +0 pair of boots (worn)
Scrolls
 e - 2 scrolls of teleportation {unknown}
 i - 2 scrolls of enchant weapon {unknown}
 j - a scroll of amnesia {unknown}
 q - 3 scrolls of identify {unknown}
Potions
 n - 2 potions of curing {unknown}
 o - 4 potions of heal wounds {unknown}
 p - a potion of ambrosia {unknown}


   Skills:
 * Level 4.5 Fighting
 + Level 0.6(2.5) Short Blades
 * Level 4.3 Long Blades
 * Level 1.7 Throwing
 + Level 4.5 Armour
 * Level 1.8 Dodging
 * Level 1.4 Stealth
 + Level 4.4 Shields


You had 5 spell levels left.
You didn't know any spells.
Your spell library was empty.

Dungeon Overview and Level Annotations

Branches:
Dungeon (3/15)

Altars:

Annotations:
D:3 Grinder


Innate Abilities, Weirdness & Mutations

You reflexively headbutt those who attack you in melee.
You have a pair of horns on your head.


Message History

Grinder zaps a wand.
The puff of flame hits you!
Unknown command.
Grinder blinks!
Items here: )) [[ ††.
You feel sick. Grinder gestures at you. Pain shoots through your body!
Items here: )) [[ ††.
You feel sick.
You are no longer poisoned.
Grinder says, "Don't move a muscle."
Grinder zaps a wand.
You block the puff of flame.
Grinder blinks!
Grinder gestures at you. Pain shoots through your body!
* * * LOW HITPOINT WARNING * * *
Items here: )) [[ ††.
Grinder gestures at you. Pain shoots through your body!
You die...

....##.#..#
......#..#
..........
..........
#..####..#########
#.................
#.# #...†..#
#.######..#.#.####
#@##....#.....<...
#.##......#.#†####
#.##..........#
#)##....#######
#.5.....#
#.......#
#....#### #....#
#......


You could see Grinder.

Vanquished Creatures
  Sigmund (D:2)
  A hound (D:3)
  Robin (D:2)
  3 adders
  2 worms (D:2)
  2 leopard geckos
  4 orcs (D:3)
  3 bats
  2 giant cockroaches (D:2)
  8 hobgoblins
  4 jackals
  4 kobolds
  8 frilled lizards
  10 goblins
  4 rats
57 creatures vanquished.

Notes
Turn   | Place    | Note
-------+----------+-------------------------------------------
     0 | D:1      | Balder the Minotaur Fighter began the quest for the Orb.
     0 | D:1      | Reached XP level 1. HP: 19/19 MP: 0/0
   553 | D:1      | Reached XP level 2. HP: 27/27 MP: 1/1
   952 | D:2      | You fall into a shaft and drop 1 floor!
  1180 | D:2      | Noticed Robin
  1182 | D:2      | Reached XP level 3. HP: 33/33 MP: 2/2
  1215 | D:2      | Reached skill level 1 in Dodging
  1222 | D:2      | Killed Robin
  1294 | D:2      | Reached XP level 4. HP: 40/40 MP: 3/3
  1346 | D:2      | Noticed Sigmund
  1401 | D:2      | Killed Sigmund
  1401 | D:2      | Reached skill level 1 in Throwing
  1401 | D:2      | Reached skill level 1 in Stealth
  1401 | D:2      | Reached XP level 5. HP: 13/47 MP: 4/4
  1994 | D:3      | Noticed Grinder
  2000 | D:3      | Paralysed by Grinder for 3 turns
  2011 | D:3      | Reached XP level 6. HP: 36/53 MP: 5/5
  2046 | D:3      | Killed from afar by Grinder

Illustrated notes

Levels and vault maps discovered:
D:1:      dpeg_arrival_solitude, layout_loops_ring
D:2:      layout_basic, amethyst_killhole, uniq_robin, uniq_sigmund
D:3:      layout_basic, ebering_ghost_rock_garden, serial_glass,
          glass_columns_c, glass_columns_c, glass_columns_a, glass_columns_b,
          uniq_grinder

Skill      XL: |  1  2  3  4 |
---------------+-------------+-----
Fighting       | 4 |  4.5
Long Blades    | 3 4 |  4.3
Shields        | 4 |  4.4
Dodging        | 1 |  1.8
Armour         | 4 |  4.5
Throwing       | 1 |  1.7
Stealth        | 1 |  1.4
Short Blades   | |  0.6

Action                   |  1- 3 |  4- 6 || total
-------------------------+-------+-------++-------
Melee: Long sword        |    52 |       ||    52
       Dagger            |    28 |    30 ||    58
       Headbutt          |     4 |     7 ||    11
       Falchion          |     5 |    32 ||    37
Throw: Boomerang         |       |    18 ||    18
  Use: Potion            |       |     1 ||     1
Armor: Scale mail        |    40 |    11 ||    51
       Plate armour      |       |    29 ||    29
Dodge: Dodged            |    32 |    17 ||    49
Block: Kite shield       |    36 |    31 ||    67
       Rpst.: Long sword |     6 |       ||     6
       Falchion          |       |     2 ||     2

Table legend: (Time is in decaauts)
 A = Elapsed time spent in this place.
 B = Non-inter-level travel time spent in this place.
 C = Inter-level travel time spent in this place.
 D = Time resting spent in this place.
 E = Time spent auto-exploring this place.
 F = Levels seen in this place.
 G = Mean time per level.
                   A        B        C        D        E       F      G
               +--------+--------+--------+--------+--------+-----+--------+
         Total |   2068 |   2068 |      0 |    352 |    969 |   3 |  689.3 |
       Dungeon |   2068 |   2068 |      0 |    352 |    969 |   3 |  689.3 |
               +--------+--------+--------+--------+--------+-----+--------+

Top non-repeatable levels by time:
     D:2: 1006 daAuts
     D:1: 920 daAuts
     D:3: 142 daAuts
